 Dungeon Crawl Stone Soup version 0.30-a0-389-g8d7d949f56 (webtiles) character file.

Game seed: 5749447182071987729

28 PyroL the Grave Robber (level 2, 0/15 HPs)
             Began as a Demonspawn Necromancer on Dec 3, 2022.
             Slain by Terence
             ... wielding a +5 hand axe of venom
              (7 damage)
             ... on level 1 of the Dungeon.
             The game lasted 00:02:33 (1125 turns).

PyroL the Grave Robber (Demonspawn Necromancer)     Turns: 1125, Time: 00:02:34

Health: 0/15       AC:  2    Str:  8    XL:     2   Next: 96%
Magic:  0/5        EV: 12    Int: 16    God:
Gold:   95         SH:  0    Dex: 13    Spells: 5/6 levels left

rFire   . . .      SeeInvis .    i - +0 dagger
rCold   . . .      Faith    .    (no shield)
rNeg    . . .      Spirit   .    a - +0 robe
rPois   .          Reflect  .    (no helmet)
rElec   .          Harm     .    (no cloak)
rCorr   .          Rampage  .    (no gloves)
Will    .....                    (no boots)
Stlth   ++........               (no amulet)
HPRegen 0.22/turn                (no ring)
MPRegen 0.09/turn                (no ring)

@: lethally poisoned (0 -> -4)
A: spiny 1, frail 2
a: no special abilities


You were on level 1 of the Dungeon.
You visited 1 branch of the dungeon, and saw 2 of its levels.

You collected 95 gold pieces.

Inventory:

Hand Weapons
 i - a +0 dagger (weapon)
Armour
 a - a +0 robe (worn)
Scrolls
 f - a scroll of magic mapping {unknown}
 h - a scroll of amnesia {unknown}
 j - a scroll of noise {unknown}
Potions
 b - a potion of magic
 c - 2 potions of mutation
 d - a potion of brilliance {unknown}
 e - a potion of flight {unknown}
 g - 2 potions of cancellation {unknown}


   Skills:
 - Level 1.7 Dodging
 - Level 1.7 Stealth
 + Level 2.7 Spellcasting
 + Level 4.9 Necromancy


You had 5 spell levels left.
You knew the following spells:

 Your Spells              Type           Power      Damage    Failure   Level
a - Necrotise             Necr           72%        1d7       2%          1

Your spell library contained the following spells:

 Spells                   Type           Power      Damage    Failure   Level
 Vampiric Draining        Necr           18%        2d7       8%          3
 Slow                     Hex            8%         N/A       19%         1
 Animate Dead             Necr           18%        N/A       24%         4
 Agony                    Necr           18%        N/A       56%         5


Dungeon Overview and Level Annotations

Branches:
Dungeon (2/15)

Altars:

Shops:
D:2 *

Annotations:
D:1 Terence


Innate Abilities, Weirdness & Mutations

You are partially covered in sharp spines.
You are very frail. (-20% HP)


Message History

You see here a +0 leather armour of willpower.
There is a stone staircase leading down here.
There is an escape hatch in the floor here.
Done exploring.
Done exploring.
(D) Dungeon
Where to? (? - help)
There is a stone staircase leading down here.
You climb downwards.
The frilled lizard hisses angrily.
You hear a shout!
Found a murky silvery potion and 6 gold pieces.
Found Lolup's General Store.
There is a stone staircase leading up here.
A frilled lizard is nearby!
A frilled lizard is nearby!
Terence the Incautious comes into view.
He is wielding a +5 hand axe of venom.
Terence shouts!
The frilled lizard writhes in agony.
There is a stone staircase leading up here.
The frilled lizard writhes in agony.
You kill the frilled lizard!
Terence barely resists.
Terence writhes in agony.
Terence writhes in agony.
Terence hits you with a +5 hand axe of venom!
You are poisoned.
You climb upwards.
* * * LOW HITPOINT WARNING * * *
You feel very sick.
There is a stone staircase leading down here.
Sorry, you're not good enough to have a special ability.
You hit Terence but do no damage.
Terence is lightly wounded.
You feel sick. Terence closely misses you.
Sorry, you're not good enough to have a special ability.
It was a potion of mutation.
You feel extremely strange.
You feel frail. x2
You feel sick.
Terence hits you with a +5 hand axe of venom!
You die...

##.#.....#####...##.####
#......#...P.#.........
#.....#.#####.#...#####
#.#..#.#.....#P#..# #
#.#.#.#.#####.#.#[#
#.#.#.#.#._.#.#.#.#
#....^.....^..^...#
###...............#
###.@.....####.######
#@#####............
#.##########.######
#............# #.
#.################.
#................#.
#.##############.## #.#
#.## #.# #.##


You could see Terence.

Vanquished Creatures
  2 dart slugs (D:1)
  2 bats (D:1)
  A giant cockroach (D:1)
  3 goblins (D:1)
  3 hobgoblins (D:1)
  3 quokkas (D:1)
  4 frilled lizards
  2 kobolds (D:1)
  3 rats (D:1)
23 creatures vanquished.

Vanquished Creatures (others)
  3 fungi (D:1)
3 creatures vanquished.

Grand Total: 26 creatures vanquished

Notes
Turn   | Place    | Note
-------+----------+-------------------------------------------
     0 | D:1      | PyroL the Demonspawn Necromancer began the quest for the
                  | Orb.
     0 | D:1      | Reached XP level 1. HP: 13/13 MP: 3/3
    38 | D:1      | Found a faded altar of an unknown god.
    45 | D:1      | Got Plato's Lessons on Ensorcelling
   276 | D:1      | Gained mutation: You are partially covered in sharp spines.
                  | [demonic ancestry]
   276 | D:1      | Reached XP level 2. HP: 19/19 MP: 1/5
  1114 | D:2      | Found Lolup's General Store.
  1115 | D:2      | Noticed Terence
  1125 | D:1      | Gained mutation: You are frail. (-10% HP) [potion of
                  | mutation]
  1125 | D:1      | Gained mutation: You are very frail. (-20% HP) [potion of
                  | mutation]
  1125 | D:1      | Slain by Terence

Illustrated notes

Levels and vault maps discovered:
D:1:      minmay_arrival_jagged, layout_loops_ring,
          shapermc_ecumenical_altar_rom_forum
D:2:      layout_rooms, serial_shops, shop, uniq_terence, uniq_robin

Action                   || total
-------------------------++-------
Melee: Dagger            ||     1
 Cast: Necrotise         ||    40
  Use: Potion            ||     1
Armor: Robe              ||     1
Dodge: Dodged            ||     4

Table legend: (Time is in decaauts)
 A = Elapsed time spent in this place.
 B = Non-inter-level travel time spent in this place.
 C = Inter-level travel time spent in this place.
 D = Time resting spent in this place.
 E = Time spent auto-exploring this place.
 F = Levels seen in this place.
 G = Mean time per level.
                   A        B        C        D        E       F      G
               +--------+--------+--------+--------+--------+-----+--------+
         Total |   1124 |   1099 |     25 |      0 |    969 |   2 |  562.0 |
       Dungeon |   1124 |   1099 |     25 |      0 |    969 |   2 |  562.0 |
               +--------+--------+--------+--------+--------+-----+--------+

Top non-repeatable levels by time:
     D:1: 1116 daAuts
     D:2: 8 daAuts
